Map: Dusk Towers

Players

sOs

  • Race: Protoss Protoss

herO - Winner!

  • Race: Protoss Protoss

Event: IEM Season 10 - Taipei

VOD

Have the link to the VOD?

Description

Time

  • Played on: Feb. 1, 2016, 11:34 p.m.
  • Length: 7:58

All games in this series

Show
View Real Time Build Order
Export as new Build Order

sOs Protoss 

Build Orders: Oracle Opening 

Get SALT Encoding   

  12  0:00  Probe (Chrono Boost)  
  13  0:11  Probe (Chrono Boost)  
  14  0:16  Pylon  
  14  0:22  Probe (Chrono Boost)  
  15  0:35  Probe (Chrono Boost)  
  16  0:36  Gateway  
  16  0:42  Assimilator  
  16  0:45  Probe (Chrono Boost)  
  17  0:52  Assimilator  
  17  0:56  Probe (Chrono Boost)  
  18  1:06  Probe (Chrono Boost)  
  18  1:10  Gateway  
  19  1:17  Probe (Chrono Boost)  
  20  1:24  Cybernetics Core  
  20  1:27  Probe (Chrono Boost)  
  21  1:35  Pylon  
  21  1:39  Probe (Chrono Boost)  
  22  1:50  Probe (Chrono Boost)  
  23  2:00  Adept x2  
  23  2:01  Warp Gate (Chrono Boost)  
  27  2:11  Stargate  
  27  2:15  Probe (Chrono Boost)  
  28  2:26  Probe (Chrono Boost)  
  28  2:28  Pylon  
  31  2:37  Mothership Core (Chrono Boost)  
  31  2:54  Oracle (Chrono Boost)  
  31  2:55  Probe (Chrono Boost)  
  35  3:03  Stalker  
  37  3:07  Probe  
  38  3:16  Pylon  
  38  3:23  Probe  
  39  3:33  Nexus  
  39  3:38  Probe (Chrono Boost)  
  40  4:01  Phoenix (Chrono Boost)  
  39  4:03  Probe (Chrono Boost)  
  39  4:04  Stargate  
  36  4:15  Probe  
  36  4:16  Assimilator  
  37  4:26  Phoenix (Chrono Boost)  
  37  4:28  Probe  
  40  4:41  Probe  
  41  4:49  Phoenix x2 (Chrono Boost)  
  45  4:54  Probe  
  42  5:08  Probe x2  
  42  5:11  Phoenix (Chrono Boost)  
  42  5:12  Assimilator, Phoenix (Chrono Boost)  
  48  5:20  Probe x2  
  50  5:32  Phoenix (Chrono Boost), Probe x2  
  54  5:37  Phoenix (Chrono Boost)  
  54  5:41  Pylon  
  56  5:44  Probe  
  56  5:45  Probe  
  58  5:54  Phoenix (Chrono Boost)  
  60  5:58  Phoenix (Chrono Boost)  
  60  5:59  Probe x2  
  65  6:11  Probe x2  
  65  6:12  Adept  
  65  6:16  Pylon  
  65  6:18  Phoenix (Chrono Boost)  
  70  6:35  Phoenix (Chrono Boost)  
  70  6:36  Zealot  
  70  6:37  Zealot  
  70  6:39  Phoenix (Chrono Boost)  
  76  6:40  Pylon  
  76  6:43  Gateway  
  76  6:57  Sentry  
  76  6:59  Stalker  
  74  7:18  Pylon  
  74  7:22  Pylon, Probe  
  70  7:29  Phoenix x2 (Chrono Boost)  
  70  7:36  Pylon  
  70  7:41  Stalker  
  75  7:53  Robotics Facility  
Show
View Real Time Build Order
Export as new Build Order

herO Protoss - Winner!

Build Orders: Phoenix Opening 

Get SALT Encoding   

  12  0:11  Pylon  
  12  0:13  Probe (Chrono Boost)  
  13  0:23  Probe (Chrono Boost)  
  14  0:32  Gateway  
  14  0:34  Probe (Chrono Boost)  
  15  0:43  Assimilator  
  15  0:45  Probe (Chrono Boost)  
  16  0:50  Assimilator  
  16  0:55  Probe (Chrono Boost)  
  17  1:06  Probe (Chrono Boost)  
  18  1:16  Probe (Chrono Boost)  
  19  1:19  Cybernetics Core  
  19  1:27  Probe (Chrono Boost)  
  19  1:28  Pylon  
  20  1:37  Probe (Chrono Boost)  
  21  1:48  Probe (Chrono Boost)  
  22  1:58  Warp Gate (Chrono Boost)  
  22  1:59  Mothership Core (Chrono Boost)  
  22  2:00  Stalker  
  26  2:17  Probe (Chrono Boost)  
  26  2:20  Pylon  
  26  2:21  Pylon  
  29  2:39  Probe  
  29  2:43  Stargate  
  29  2:49  Nexus  
  27  2:51  Probe (Chrono Boost)  
  27  2:55  Stalker  
  30  3:03  Probe (Chrono Boost)  
  31  3:06  Pylon  
  31  3:14  Probe (Chrono Boost)  
  32  3:25  Stalker  
  32  3:26  Probe (Chrono Boost)  
  35  3:29  Phoenix (Chrono Boost)  
  37  3:37  Pylon  
  37  3:39  Probe  
  38  3:51  Phoenix (Chrono Boost)  
  38  3:55  Probe  
  39  4:00  Probe  
  39  4:08  Probe  
  40  4:10  Probe  
  40  4:13  Phoenix (Chrono Boost)  
  43  4:20  Twilight Council  
  43  4:22  Probe x2  
  45  4:33  Probe  
  45  4:34  Phoenix (Chrono Boost)  
  45  4:36  Probe  
  49  4:45  Pylon, Probe  
  49  4:48  Probe  
  51  4:56  Phoenix (Chrono Boost)  
  53  5:01  Probe  
  53  5:03  Probe  
  53  5:06  Blink (Chrono Boost)  
  53  5:10  Assimilator  
  53  5:13  Pylon, Probe  
  53  5:15  Probe  
  55  5:22  Gateway  
  55  5:24  Gateway  
  55  5:27  Probe  
  56  5:30  Probe  
  56  5:33  Gateway  
  57  5:37  Stalker  
  57  5:41  Probe  
  60  5:49  Gateway  
  60  5:50  Gateway  
  60  5:55  Gateway  
  60  6:02  Stalker  
  62  6:06  Gateway  
  62  6:11  Dark Shrine  
  62  6:13  Pylon  
  62  6:26  Pylon, Stalker  
  62  6:27  Stalker  
  62  6:29  Stalker  
  68  6:32  Stalker  
  68  6:38  Probe  
  68  6:39  Probe  
  72  6:45  Pylon  
  72  6:46  Stalker  
  74  6:48  Probe, Stalker  
  74  6:51  Probe, Stalker  
  83  7:11  Stalker x2  
  83  7:12  Stalker x3  
  76  7:19  Probe, Stalker  
  76  7:21  Probe  
  62  7:30  Assimilator, Probe  
  62  7:32  Dark Templar  
  62  7:33  Probe  
  60  7:40  Forge  
  60  7:47  Dark Templar  

Tags
 
Add a new tag
Caveats
  • Supply blocks, unpowered buildings, or Contaminate may cause inaccurate times.
  • Supply counts are checked every 10 seconds.